 Dungeon Crawl Stone Soup version 0.24-a0-170-gd8427f5 (webtiles) character file.

Game seed: 7605761228435616062

354 Dfrag the Grave Robber (level 6, -3/49 HPs)
             Began as a Deep Dwarf Necromancer on Mar 9, 2019.
             Slain by an orc
             ... wielding a +1 short sword of electrocution
              (16 damage)
             ... on level 4 of the Dungeon.
             The game lasted 00:07:40 (3041 turns).

Dfrag the Grave Robber (Deep Dwarf Necromancer)     Turns: 3041, Time: 00:07:41

Health: -3/49      AC:  5    Str: 11    XL:     6   Next: 35%
Magic:  3/13       EV: 12    Int: 21    God:
Gold:   273        SH:  0    Dex: 13    Spells: 10/14 levels left

rFire    . . .     SeeInvis .   r - +0 hand axe
rCold    . . .     Gourm    .   (no shield)
rNeg     . . .     Faith    .   a - +0 robe
rPois    .         Spirit   .   (no helmet)
rElec    .         Reflect  .   x - +0 cloak
rCorr    .         Harm     .   (no gloves)
MR       .....                  (no boots)
Stlth    ++........             (no amulet)
HPRegen  0.00/turn              s - +2 ring of protection
MPRegen  0.13/turn              n - +3 ring of intelligence

@: very slightly contaminated, non-regenerating
A: damage resistance, heal wounds, sense surroundings 1, no regeneration
a: Heal Wounds


You were on level 4 of the Dungeon.
You were not hungry.

You visited 1 branch of the dungeon, and saw 4 of its levels.

You collected 273 gold pieces.

Inventory:

Hand Weapons
 b - a +0 short sword
 r - a +0 hand axe (weapon)
Armour
 a - a +0 robe (worn)
 x - a +0 cloak (worn)
Jewellery
 n - a +3 ring of intelligence (right hand)
 s - a +2 ring of protection (left hand)
Scrolls
 d - 2 scrolls of fog
 h - 2 scrolls of remove curse
 i - a scroll of blinking {unknown}
 j - 2 scrolls of enchant armour {unknown}
 l - 3 scrolls of noise {unknown}
 o - a scroll of immolation {unknown}
 u - 2 scrolls of identify {unknown}
Potions
 e - a potion of lignification {unknown}
 f - a potion of resistance {unknown}
 g - a potion of brilliance {unknown}
 k - a potion of mutation {unknown}
 m - 2 potions of curing {unknown}
 p - a potion of cancellation {unknown}
 q - 2 potions of heal wounds {unknown}
 v - a potion of magic {unknown}
 w - a potion of haste {unknown}
Comestibles
 c - 12 rations
 t - 2 chunks of flesh


   Skills:
 - Level 2.1 Dodging
 - Level 2.4 Stealth
 * Level 4.8 Spellcasting
 + Level 6.0 Necromancy


You had 10 spell levels left.
You knew the following spells:

 Your Spells              Type           Power        Failure   Level  Hunger
a - Pain                  Necr           ####         1%          1    None
b - Vampiric Draining     Necr           ####......   2%          3    ##.....

Your spell library contained the following spells:

 Spells                   Type           Power        Failure   Level  Hunger
 Animate Skeleton         Necr           N/A          1%          1    None
 Animate Dead             Necr           N/A          10%         4    ####...
 Regeneration             Chrm/Necr      Unusable     N/A         3    N/A

Dungeon Overview and Level Annotations

Branches:
Dungeon (4/15)
 Temple: D:4-7

Altars:
Dithmenos
Kikubaaqudgha


Innate Abilities, Weirdness & Mutations

You are resistant to damage.
You can heal yourself by infusing magical energy.
You passively map a small area around you.
You do not regenerate.


Message History

Casting: Pain (safe; 1% risk of failure)
Confirm with . or Enter, or press ? or * to list all spells.
Aiming: Vampiric Draining (safe; 2% risk of failure)
Press: ? - help, Shift-Dir - straight line You miscast Vampiric Draining.
You are very lightly contaminated with residual magic.
Nothing appears to happen.
Unknown command.
Casting: Vampiric Draining (safe; 2% risk of failure)
Confirm with . or Enter, or press ? or * to list all spells.
Aiming: Vampiric Draining (safe; 2% risk of failure)
Press: ? - help, Shift-Dir - straight line You feel life coursing into your body.
You hear some strange, mumbled words.
A puff of flame appears from out of thin air!
The puff of flame misses you.
The orc hits you with a +1 short sword of electrocution.
* * * LOW HITPOINT WARNING * * *
You are electrocuted!!
You die...

* #. *, #.# ##
,#.) ,, ,,... *
, ... , **###
#.# ** * #.# ,
#.### .#* #
#{o.# * . #
##@#.## #.###
#..#..## #....
#.###..# #[.##
##.# ##.##
#...)
######..####..#
##..#.
#.........###{#
##.....
#.........# #o#
#...#..
#.........#
#.#####.#.#.#
#....<....#
#.....#.#...#


You could see an orc.

Vanquished Creatures
  An orc priest (D:2)
  A bullfrog skeleton (D:4)
  A hound (D:4)
  2 orc wizards (D:4)
  An iguana (D:4)
  4 gnolls (D:2)
  3 adders
  2 oozes
  4 worms
  3 dart slugs (D:2)
  A leopard gecko (D:2)
  10 orcs
  5 giant cockroaches
  7 goblins
  11 hobgoblins
  2 jackals (D:4)
  2 quokkas
  10 bats
  3 frilled lizards
  10 kobolds
  14 rats
97 creatures vanquished.

Notes
Turn   | Place    | Note
-------+----------+-------------------------------------------
     0 | D:1      | Dfrag the Deep Dwarf Necromancer began the quest for the
                  | Orb.
     0 | D:1      | Reached XP level 1. HP: 15/15 MP: 3/3
   109 | D:1      | Reached XP level 2. HP: 11/22 MP: 1/5
   882 | D:2      | Reached XP level 3. HP: 27/28 MP: 1/7
   887 | D:2      | Learned a level 3 spell: Vampiric Draining
  1234 | D:2      | Reached skill level 5 in Necromancy
  1305 | D:2      | Reached XP level 4. HP: 21/36 MP: 0/8
  1413 | D:2      | Found a faded altar of an unknown god.
  1948 | D:2      | Reached XP level 5. HP: 26/42 MP: 4/10
  2362 | D:3      | Found a shadowy altar of Dithmenos.
  2665 | D:4      | Found an ancient bone altar of Kikubaaqudgha.
  2737 | D:4      | Reached XP level 6. HP: 33/49 MP: 0/12
  2975 | D:4      | Reached skill level 6 in Necromancy
  3041 | D:4      | Slain by an orc

Levels and vault maps discovered:
D:1:      dpeg_arrival_three_same_balls, layout_basic, minmay_stone_trees_small,
          grunt_decor_arrowhead, grunt_decor_fettered, minmay_pentomino_x2
D:2:      layout_loops_ring, chequers_ecumenical_altar_simple_redux
D:3:      layout_rooms, nicolae_dithmenos_through_a_glass_darkly
D:4:      layout_rooms, kennysheep_mini, first_ration

Skill      XL: |  1  2  3  4  5  6 |
---------------+-------------------+-----
Spellcasting   | 2 3 4 |  4.8
Necromancy     | 5 6 |  6.0
Dodging        | |  2.1
Stealth        | |  2.4

Action                   |  1- 3 |  4- 6 || total
-------------------------+-------+-------++-------
Melee: Short sword       |    39 |    22 ||    61
       Hand axe          |       |    24 ||    24
 Cast: Pain              |    75 |    89 ||   164
       Vampiric Draining |     2 |    23 ||    25
 Abil: Heal Wounds       |     1 |     1 ||     2
  Use: Scroll            |       |     2 ||     2
 Stab: Sleeping          |       |     1 ||     1
  Eat: Chunk             |     2 |     7 ||     9
Armor: Robe              |    12 |    16 ||    28
Dodge: Dodged            |    43 |    51 ||    94

Table legend:
 A = Non-vault XP
 B = Vault XP
 C = Vault XP percentage of total XP
 D = Non-vault monster count
 E = Vault monster count
 F = Vault count percentage of total count
                 A         B        C        D         E       F
            +---------+---------+-------+---------+---------+-------
      Total |     503 |       4 |   0.8 |      95 |       2 |   2.1
            +---------+---------+-------+---------+---------+-------
        D:1 |      26 |       4 |  13.3 |      14 |       2 |  12.5
        D:2 |     192 |       0 |   0.0 |      40 |       0 |   0.0
        D:3 |      57 |       0 |   0.0 |      27 |       0 |   0.0
        D:4 |     228 |       0 |   0.0 |      14 |       0 |   0.0
            +---------+---------+-------+---------+---------+-------
